cohdb
Replays
Latest Replays
All Replays
Popular Replays
Top Player Replays
Match Explorer
How It Works
Community
CoH3 Stats
Reddit
Sign in to upload your games and track your stats! →
Sign in with Steam
Match 42312215
Unlisted
Match 42312215
Overview
Messages
Build Orders
End
Royal Engineer Section
Construct Section Command Post
Dingo Light Scout Car
Infantry Section
Infantry Section
Infantry Section
Construct Platoon Command Post
Humber Armored Car
Infantry Training
6-pounder Anti-tank Gun Team
Selects Heavy Armor Battlegroup
Vickers Machine Gun Team
6-pounder Anti-tank Gun Team
Grenade Package
Selects Light Vehicle Withdraw and Refit
Selects Radio Net
Selects Designate Targets
Selects Engineer Detachments
Designate Targets
Royal Engineer Section
Royal Engineer Section
Construct Company Command Post
Selects Forward Repair Assembly
Matilda II Heavy Tank
Armored Vehicle Training
Designate Targets
HulkSMASH
⚓️Ruby⚓
bibotot1995
K. Ronaldo
0
0
Comments
sign in to comment!
No comments posted yet!